 Dungeon Crawl Stone Soup version 0.30-a0-715-gdb4ae3ece1 (webtiles) character file.

Game seed: 2372060031435662795

212 Azfaa the Skirmisher (level 5, -3/29 (30) HPs)
             Began as a Deep Elf Hunter on Jan 23, 2023.
             Slain by a scorpion (4 damage)
             ... on level 4 of the Dungeon.
             The game lasted 00:10:59 (1526 turns).

Azfaa the Skirmisher (Deep Elf Hunter)              Turns: 1526, Time: 00:11:00

HP:   -3/29 (30)    AC:  4    Str:  5 (6)  XL:     5   Next: 58%
MP:   7/7           EV: 12    Int: 18 (20) God:
Gold: 144           SH:  0    Dex: 17 (20) Spells: 3/4 levels left

rFire   + . .      SeeInvis .    a - +0 shortbow (freeze)
rCold   . . .      Faith    .    (shield currently unavailable)
rNeg    . . .      Spirit   .    c - +0 leather armour
rPois   .          Reflect  .    (no helmet)
rElec   .          Harm     .    (no cloak)
rCorr   .          Rampage  .    (no gloves)
Will    .....                    d - +0 pair of boots
Stlth   +                        (no amulet)
HPRegen 1.04/turn                k - +6 ring of intelligence
MPRegen 0.10/turn                (no ring)

@: confused, lethally poisoned (-3 -> -4), lightly drained
A: fire resistance 1, sense surroundings 1, regeneration 1, weak 1
a: no special abilities


You were on level 4 of the Dungeon.
You visited 1 branch of the dungeon, and saw 4 of its levels.

You collected 144 gold pieces.

Inventory:

Hand Weapons
 a - a +0 shortbow of freezing (weapon)
 e - a +0 spear
 f - a +1 short sword of speed
 g - a +0 club
 n - a +0 falchion
 p - the +0 staff of Battle
   (You found it on level 4 of the Dungeon)

   It enhances your conjuration magic.
   It summons a battlesphere in combat, with strength depending on Conjurations
   skill.
   Its strikes trigger the battlesphere's blasts.
Missiles
 i - 30 stones
Armour
 c - a +0 leather armour (worn)
 d - a +0 pair of boots (worn)
 j - a +0 leather armour
Jewellery
 k - a +6 ring of intelligence (left hand)
Wands
 m - a wand of paralysis (5)
 o - a wand of iceblast (3)
Scrolls
 b - a scroll of immolation
 q - a scroll of fog {unknown}
 r - a scroll of teleportation
Potions
 h - 3 potions of attraction
 l - a potion of flight


   Skills:
 + Level 2.3 Fighting
 + Level 8.0 Ranged Weapons
 + Level 1.2 Armour
 + Level 2.9 Dodging
 + Level 1.3 Stealth
 + Level 0.4 Spellcasting
 + Level 0.1 Summonings


You had 3 spell levels left.
You knew the following spells:

 Your Spells              Type           Power      Damage    Failure   Level
a - Summon Small Mammal   Summ           4%         N/A       32%         1

Your spell library contained the following spells:

 Spells                   Type           Power      Damage    Failure   Level
 Apportation              Tloc           0%         N/A       34%         1
 Necrotise                Necr           0%         1d4       34%         1
 Sting                    Tmut/Pois      0%         1d3       34%         1
 Poisonous Vapours        Pois/Air       0%         N/A       45%         2
 Olgreb's Toxic Radiance  Pois           0%         N/A       98%         4


Dungeon Overview and Level Annotations

Branches:
Dungeon (4/15)             Temple (0/1) D:4

Altars:
Elyvilon

Shops:
D:2 *


Innate Abilities, Weirdness & Mutations

Your flesh is heat resistant. (rF+)
You passively map a small area around you.
Your natural rate of healing is unusually fast.
You are weak. (Str -2)


Message History

The scorpion poisons you!
You see here a scroll of teleportation.
r - a scroll of teleportation You feel very sick.
The scorpion stings you.
You are more poisoned.
The scorpion poisons you!
You feel very sick.
A kobold, a necrophage and 2 orcs come into view.
You feel very sick.
The orc shouts!
You hear a shout! x2
The kobold moves out of view.
The orc moves out of view. x2
You hear a shout! x2
An orc wizard comes into view. It is wielding a +0 dagger.
A goblin, a ball python and an orc come into view.
You feel very sick.
The kobold shouts!
The scorpion stings you.
The orc moves out of view.
You see here 6 gold pieces.
You now have 144 gold pieces (gained 6).
You feel sick. The scorpion barely misses you.
The kobold throws a stone.
The stone misses you.
The orc wizard gestures at you while chanting.
You resist with some effort.
An orc comes into view. It is wielding a +0 trident.
The orc shouts!
You feel sick.
The necrophage hits you but does no damage.
The necrophage attacks as you move away!
The necrophage hits you but does no damage.
You feel sick.
The orc wizard points at you and mumbles some strange words.
You are confused.
The necrophage attacks as you move away!
The necrophage hits you.
* * * LOW HITPOINT WARNING * * *
You feel drained.
* * * LOW HITPOINT WARNING * * *
x2 You feel sick.
The scorpion stings you.
You die...

, *, #.. *.# .......#
..., **.##.......#. ....
,##............ #...o**
............#.* *
#...o#####.............
#...o...n..o# ##.....#.*
,
#....oo.s.K####.........
..##..g@.S.##.......#...
*##............##.....
#......>......>.# .
#...#...#......#### ,
,...###.........##
..#####.......#.##. .
................#, , ,
####..........#.,
.#####..........#.# *#


You could see a necrophage, a scorpion, an orc wizard, 5 orcs, a goblin, a ball
python and a kobold.

Vanquished Creatures
  A hound (D:3)
  Ijyb (D:3)
  8 adders
  2 worms
  5 dart slugs
  7 orcs
  2 ball pythons
  7 endoplasms
  2 giant cockroaches
  3 goblins
  3 hobgoblins
  7 kobolds
  4 quokkas
  7 bats
  2 frilled lizards
  3 rats
64 creatures vanquished.

Vanquished Creatures (collateral kills)
  An endoplasm (D:4)
  2 ball pythons
3 creatures vanquished.

Grand Total: 67 creatures vanquished

Notes
Turn   | Place    | Note
-------+----------+-------------------------------------------
     0 | D:1      | Azfaa the Deep Elf Hunter began the quest for the Orb.
     0 | D:1      | Reached XP level 1. HP: 12/12 MP: 3/3
    91 | D:1      | Reached skill level 6 in Ranged Weapons
    91 | D:1      | Reached XP level 2. HP: 7/16 MP: 4/4
   121 | D:1      | Gained mutation: You passively map a small area around you.
                  | [potion of mutation]
   121 | D:1      | Gained mutation: You are weak. (Str -2) [potion of
                  | mutation]
   121 | D:1      | Gained mutation: Your natural rate of healing is unusually
                  | fast. [potion of mutation]
   121 | D:1      | Gained mutation: Your flesh is heat resistant. (rF+)
                  | [potion of mutation]
   353 | D:2      | Reached XP level 3. HP: 19/20 MP: 5/5
   521 | D:2      | Found Elie's Assorted Antiques.
   523 | D:2      | Found a white marble altar of Elyvilon.
   610 | D:2      | Reached XP level 4. HP: 26/26 MP: 6/6
   614 | D:2      | Reached skill level 7 in Ranged Weapons
   989 | D:3      | Reached skill level 1 in Armour
   989 | D:3      | Reached XP level 5. HP: 30/30 MP: 7/7
  1098 | D:3      | Learned a level 1 spell: Summon Small Mammal
  1188 | D:3      | Noticed Ijyb
  1189 | D:3      | Paralysed by Ijyb for 4 turns
  1196 | D:3      | Killed Ijyb
  1232 | D:3      | Reached skill level 8 in Ranged Weapons
  1500 | D:4      | Found the +0 staff of Battle
  1526 | D:4      | HP: 1/29 [necrophage (2)]
  1526 | D:4      | Slain by a scorpion

Illustrated notes

Levels and vault maps discovered:
D:1:      matt_arrival_spirals, layout_basic, basic_ecumenical_altar
D:2:      minmay_chambers_of_twos, layout_basic, basic_altar, serial_shops,
          shop_fountains
D:3:      layout_loops_ring, nicolae_overflow_ecumenical_swirl, uniq_ijyb
D:4:      layout_rooms, nemelex_xobeh_ov_fountains_minmay,
          minmay_temple_entry_ruins, dreamdust_gnoll_farm

Skill      XL: |  1  2  3  4  5 |
---------------+----------------+-----
Ranged Weapons | 6 7 8 |  8.0
Fighting       | 2 |  2.3
Armour         | 1 |  1.2
Dodging        | |  2.9
Stealth        | |  1.3
Spellcasting   | |  0.4
Summonings     | |  0.1

Action                     |  1- 3 |  4- 6 || total
---------------------------+-------+-------++-------
   Fire: Shortbow          |    71 |    97 ||   168
   Cast: Summon Small Mamm |       |    16 ||    16
    Use: Potion            |     3 |     2 ||     5
         Scroll            |     2 |     2 ||     4
 Armour: Leather armour    |    19 |    25 ||    44
  Dodge: Dodged            |    37 |    51 ||    88

Table legend: (Time is in decaauts)
 A = Elapsed time spent in this place.
 B = Non-inter-level travel time spent in this place.
 C = Inter-level travel time spent in this place.
 D = Time resting spent in this place.
 E = Time spent auto-exploring this place.
 F = Levels seen in this place.
 G = Mean time per level.
                   A        B        C        D        E       F      G
               +--------+--------+--------+--------+--------+-----+--------+
         Total |   1562 |   1562 |      0 |     22 |     68 |   4 |  390.5 |
       Dungeon |   1562 |   1562 |      0 |     22 |     68 |   4 |  390.5 |
               +--------+--------+--------+--------+--------+-----+--------+

Top non-repeatable levels by time:
     D:2: 675 daAuts
     D:3: 460 daAuts
     D:1: 332 daAuts
     D:4: 93 daAuts
